AoeStats
← OnagerParty

Arena

510517738Analyzed
2v2 RM · 2d ago on Oct 1, 2026· 54m 33s· 4 players
Game mode
Random Map
Map size
Medium (4 player)
Population
200
Speed
Normal
Resources
Standard
Victory
Conquest
Starting age
Dark Age
Ending age
Imperial Age
RankedLock teamsTeams togetherTeam positionsShared explorationLock speedFull tech treeHidden civsTurbo modeCheats
Victory
Defeat
🇦🇺 Celts · Australia
594
+12
🇪🇸 Shu · Spain
466
+16
🇨🇳 Byzantines · China
495
-14
🇨🇳 Khmer · China
485
-14
OnagerParty
11:06 Feudal Age
15:53 Castle Age
14:31 Horse Collar
14:36 Double-Bit Axe
15:31 Gold Mining
29:53 Town Watch
29:54 Loom
31:46 Wheelbarrow
34:43 Bow Saw
34:34 Heavy Plow
35:51 Hand Cart
36:57 Town Patrol
40:49 Imperial Age
39:12 Fletching
39:43 Caravan
41:38 Bodkin Arrow
41:43 Padded Archer Armor
41:49 Scale Barding Armor
41:46 Husbandry
42:55 Chemistry
42:08 Masonry
45:51 Bolt Magazine
46:11 Conscription
46:28 Treadmill Crane
48:52 Two-Man Saw
48:28 Gold Shaft Mining
48:33 Bracer
HECTICKARNT
12:50 Feudal Age
13:51 Horse Collar
17:13 Castle Age
17:31 Double-Bit Axe
17:56 Heavy Plow
17:50 Gold Mining
19:24 Wheelbarrow
19:33 Bow Saw
20:33 Stone Mining
21:36 Forging
24:14 Iron Casting
23:50 Scale Mail Armor
26:00 Gold Shaft Mining
26:04 Hand Cart
27:25 Chain Mail Armor
27:01 Fletching
28:27 Town Watch
28:31 Loom
32:57 Imperial Age
32:55 Arson
32:33 Pikeman
32:59 Elite Woad Raider
34:02 Conscription
35:12 Blast Furnace
34:55 Plate Mail Armor
34:59 Town Patrol
35:28 Stronghold
36:09 Capped Ram
40:22 Ballistics
41:12 Chemistry
40:24 Masonry
40:21 Bodkin Arrow
48:14 Stone Shaft Mining
52:14 Onager
53:57 Siege Onager
HANA
13:08 Feudal Age
13:34 Double-Bit Axe
13:34 Horse Collar
14:37 Wheelbarrow
22:22 Castle Age
23:29 Bow Saw
24:15 Hand Cart
27:38 Elite Skirmisher
31:27 Hand Cart
31:42 Ballistics
31:16 Fletching
31:27 Padded Archer Armor
31:38 Forging
31:57 Bodkin Arrow
32:10 Scale Mail Armor
34:04 Iron Casting
34:10 Gold Mining
34:10 Stone Mining
37:24 Imperial Age
38:50 Scale Barding Armor
38:57 Bracer
40:03 Chemistry
39:20 Fortified Wall
39:06 Onager
41:45 Chain Barding Armor
45:10 Guilds
1980195387
12:07 Feudal Age
16:02 Castle Age
14:46 Double-Bit Axe
15:57 Wheelbarrow
17:29 Wheelbarrow
17:09 Horse Collar
17:41 Bow Saw
20:38 Heavy Plow
21:32 Stone Mining
22:48 Gold Mining
34:54 Hand Cart
41:59 Pikeman
44:47 Gold Shaft Mining
50:46 Imperial Age
49:25 Loom
52:25 Crop Rotation
Connection lost

Rejoining the realm…

Still unreachable

The connection could not be restored.

Session expired

The server has moved on; the page needs a fresh start.